 Dungeon Crawl Stone Soup version 0.25.0-9-g26727b657a (webtiles) character file.

Game seed: 18309267055741727228

156 Gwenloh the Caller (level 4, 0/36 HPs)
             Began as a Demigod Summoner on June 18, 2020.
             Slain by Grinder (1 damage)
             ... while paralysed by Grinder
             ... on level 3 of the Dungeon on June 19, 2020.
             The game lasted 00:16:05 (3519 turns).

Gwenloh the Caller (Demigod Summoner)               Turns: 3519, Time: 00:16:05

Health: 0/36       AC:  6    Str: 11    XL:     4   Next: 91%
Magic:  9/10       EV:  2    Int: 21    God:
Gold:   103        SH:  0    Dex: 16    Spells: 2/8 levels left

rFire    . . .     SeeInvis .   a - +2 whip (venom)
rCold    . . .     Gourm    .   (no shield)
rNeg     . . .     Faith    .   h - +0 leather armour
rPois    .         Spirit   .   (no helmet)
rElec    .         Reflect  .   (no cloak)
rCorr    .         Harm     .   (no gloves)
MR       .....                  p - +2 pair of boots
Stlth    ++........             (no amulet)
HPRegen  0.12/turn              (no ring)
MPRegen  0.12/turn              (no ring)

@: paralysed
A: high mp 1
a: no special abilities


You were on level 3 of the Dungeon.
You were not hungry.

You visited 1 branch of the dungeon, and saw 3 of its levels.

You collected 103 gold pieces.

Inventory:

Hand Weapons
 a - a +2 whip of venom (weapon)
 j - a +0 spear
Missiles
 b - 91 stones
 d - 22 sling bullets
 k - 17 bolts
 m - 10 poisoned darts
 s - 4 boomerangs (quivered)
Armour
 h - a +0 leather armour (worn)
 l - a +0 robe
 p - a +2 pair of boots (worn)
Scrolls
 e - 3 scrolls of identify
 f - 2 scrolls of magic mapping
 i - 2 scrolls of teleportation
 o - a scroll of immolation
 q - a scroll of fog {unknown}
Potions
 n - a potion of invisibility
 r - a potion of curing
Comestibles
 c - 6 rations
 g - 8 chunks of flesh


   Skills:
 + Level 1.7 Fighting
 + Level 1.6 Armour
 + Level 2.7 Dodging
 - Level 1.7 Stealth
 + Level 2.5 Spellcasting
 + Level 4.1 Summonings


You had 2 spell levels left.
You knew the following spells:

 Your Spells              Type           Power        Failure   Level  Hunger
a - Summon Small Mammal   Summ           ###.         3%          1    None
b - Call Imp              Summ           ###.....     4%          2    ##.....
c - Call Canine Familiar  Summ           ###.....     10%         3    ###....

Your spell library contained the following spells:

 Spells                   Type           Power        Failure   Level  Hunger
 Summon Guardian Golem    Hex/Summ       ##......     24%         3    ###....
 Summon Ice Beast         Ice/Summ       ##......     61%         4    ####...
 Summon Lightning Spire   Summ/Air       ##......     61%         4    ####...


Dungeon Overview and Level Annotations

Branches:
Dungeon (3/15)

Annotations:
D:3 Grinder


Innate Abilities, Weirdness & Mutations

You have an increased reservoir of magic. (+10% MP)


Message History

Your hound writhes in agony.
The dart slug launches a dart at you. The slug dart misses you.
The slug dart hits your hound but does no damage.
Grinder gestures at you.
You suddenly lose the ability to move!
The dart slug launches a dart at you. The slug dart hits your hound.
Your hound dies!
Your hound's corpse disappears in a puff of smoke!
Grinder hits you but does no damage. x2
Grinder hits you.
You writhe in agony.
Grinder hits you.
You writhe in agony.
* * * LOW HITPOINT WARNING * * *
Grinder hits you.
* * * LOW HITPOINT WARNING * * *
The dart slug bites you.
* * * LOW HITPOINT WARNING * * *
Grinder hits you.
You die...

#. ##§§§##.# #.# ..
##§##..#### #.# # #........#
#.# #........# #.# #
######........####.####### #
#.................÷÷.....###
#.#...#.......####>#####.#..
##''####w.5.####.## #....
..... #<@..#.....# ##...
#.5....h #.####.##.## #.##
#......$.#.# #.#### #.##
#....w...#.# #.# #.##
#...⌠.h..#.# #.# #.#
#........#.####.# #.#
#......# #.# ########


You could see Grinder and a dart slug.

Vanquished Creatures
  An iguana (D:2)
  4 gnolls (D:2)
  3 worms
  A dart slug (D:1)
  A leopard gecko (D:1)
  6 orcs (D:3)
  2 giant cockroaches
  6 goblins
  3 hobgoblins
  3 kobolds
  7 bats
  3 frilled lizards (D:1)
  5 rats
45 creatures vanquished.

Vanquished Creatures (collateral kills)
  3 gnolls (D:2)
  An adder (D:2)
  A worm (D:2)
  A dart slug (D:2)
  4 hobgoblins
  2 jackals (D:3)
  3 kobolds
  A frilled lizard (D:1)
16 creatures vanquished.

Grand Total: 61 creatures vanquished

Notes
Turn   | Place    | Note
-------+----------+-------------------------------------------
     0 | D:1      | Gwenloh the Demigod Summoner began the quest for the Orb.
     0 | D:1      | Reached XP level 1. HP: 14/14 MP: 5/5
   487 | D:1      | Reached XP level 2. HP: 22/22 MP: 7/7
   494 | D:1      | Learned a level 2 spell: Call Imp
  1445 | D:2      | Reached skill level 1 in Fighting
  1475 | D:2      | Reached XP level 3. HP: 13/28 MP: 5/8
  1650 | D:2      | Learned a level 3 spell: Call Canine Familiar
  2012 | D:2      | Reached skill level 1 in Armour
  2362 | D:2      | Reached skill level 4 in Summonings
  2367 | D:2      | Reached XP level 4. HP: 18/35 MP: 7/10
  2400 | D:2      | HP: 1/35 [poisoned by a gnoll]
  3326 | D:3      | Found a shadowy altar of Dithmenos.
  3496 | D:3      | Noticed Grinder
  3513 | D:3      | Paralysed by Grinder for 7 turns
  3518 | D:3      | HP: 1/36 [dart slug (3)]
  3519 | D:3      | Slain by Grinder

Illustrated notes

Levels and vault maps discovered:
D:1:      dpeg_arrival_fog, layout_rooms
D:2:      layout_loops_cross
D:3:      layout_loops_ring, grunt_dithmenos_smoke_and_mirrors,
          minmay_misc_feat_nine_boxes, kennysheep_generic_room_4, uniq_grinder

Skill      XL: |  1  2  3 |
---------------+----------+-----
Dodging        | 2 |  2.7
Spellcasting   | 2 |  2.5
Fighting       | 1 |  1.7
Armour         | 1 |  1.6
Summonings     | 4 |  4.1
Stealth        | |  1.7

Action                   |  1- 3 |  4- 6 || total
-------------------------+-------+-------++-------
Melee: Club              |    27 |       ||    27
       Unarmed           |     5 |       ||     5
       Whip              |    74 |    53 ||   127
Throw: Stone             |    17 |       ||    17
       Dart              |    43 |     7 ||    50
       Boomerang         |       |     1 ||     1
 Cast: Summon Small Mamm |    13 |     1 ||    14
       Call Imp          |     2 |       ||     2
       Call Canine Famil |     2 |     1 ||     3
  Use: Potion            |     4 |     1 ||     5
       Scroll            |       |     5 ||     5
 Stab: Distracted        |     2 |       ||     2
       Sleeping          |     1 |     3 ||     4
  Eat: Chunk             |     5 |     4 ||     9
Armor: Robe              |     3 |       ||     3
       Leather armour    |    14 |    13 ||    27
Dodge: Dodged            |    69 |    21 ||    90
